 Dungeon Crawl Stone Soup version 0.23.0 (webtiles) character file.

Game seed: 4574771710923159647

113 Laan the Skirmisher (level 4, -9/29 HPs)
             Began as a Gargoyle Monk on Feb 15, 2019.
             Mangled by an ogre
             ... wielding a +0 giant club
              (11 damage)
             ... on level 3 of the Dungeon.
             The game lasted 00:02:34 (2042 turns).

Laan the Skirmisher (Gargoyle Monk)                 Turns: 2042, Time: 00:02:35

Health: -9/29      AC:  5    Str: 16    XL:     4   Next: 96%
Magic:  4/4        EV: 10    Int: 10    God:
Gold:   73         SH:  7    Dex: 12    Spells: 3/3 levels left

rFire    . . .     SeeInvis .   a - +0 hand axe
rCold    . . .     Gourm    .   l - +0 shield
rNeg     + . .     Faith    .   b - +0 robe
rPois    ∞         Spirit   .   d - +0 hat
rElec    +         Reflect  .   (no cloak)
rCorr    .         Harm     .   (no gloves)
MR       .....                  (no boots)
Stlth    +++.......             (no amulet)
HPRegen  0.09/turn              e - ring of stealth
MPRegen  0.09/turn              (no ring)

@: no status effects
A: negative energy resistance 1, electricity resistance, unbreathing,
petrification resistance, rot immunity, AC +3
a: no special abilities


You were on level 3 of the Dungeon.
You were not hungry.

You visited 1 branch of the dungeon, and saw 3 of its levels.

You collected 73 gold pieces.

Inventory:

Hand Weapons
 a - a +0 hand axe (weapon)
Armour
 b - a +0 robe (worn)
 d - a +0 hat (worn)
 l - a +0 shield (worn)
Jewellery
 e - a ring of stealth (left hand)
Scrolls
 h - a scroll of teleportation {unknown}
 i - 6 scrolls of identify {unknown}
 m - a scroll of remove curse {unknown}
 n - a scroll of blinking {unknown}
Potions
 f - a potion of ambrosia {unknown}
 j - a potion of heal wounds {unknown}
 k - a potion of haste {unknown}
Comestibles
 c - 6 rations
 g - 2 chunks of flesh


   Skills:
 + Level 4.0 Fighting
 * Level 3.9 Axes
 + Level 2.0 Armour
 - Level 2.4 Dodging
 - Level 2.1 Stealth
 + Level 1.0 Shields


You had 3 spell levels left.
You didn't know any spells.
Your spell library was empty.

Dungeon Overview and Level Annotations

Branches:
Dungeon (3/15)

Altars:

Annotations:
D:3 Jessica


Innate Abilities, Weirdness & Mutations

You are resistant to torment.
Your stone body is resilient. (AC +3)
You are immune to poison.
You resist negative energy. (rN+)
You are resistant to electric shocks. (rElec)
You can survive without breathing.
You are immune to petrification.
You are immune to rotting.


Message History

Press: ? - help, Shift-Dir - straight line, f - ogre
Aim: an ogre, wielding a +0 giant club
Okay, then.
You hit the ogre.
The ogre is lightly wounded.
The ogre hits you with a +0 giant club!!
Ouch! That really hurt!
* * * LOW HITPOINT WARNING * * *
The ogre hits you with a +0 giant club.
* * * LOW HITPOINT WARNING * * *
You slash the ogre!
The ogre is moderately wounded.
Jessica the Apprentice Sorceress comes into view.
You barely miss the ogre.
The ogre is moderately wounded.
The ogre closely misses you.
You hit the ogre.
The ogre is heavily wounded.
The ogre hits you with a +0 giant club!
You die...

#+## ##...##
##.....##
##.......##
...####.........#
.≈..≈.O@........+
≈≈≈.≈.#....(....#
≈≈≈≈. ##.÷.....#
≈≈≈≈ ##.....##
≈≈≈ ##...## ≈≈
##'## . #<# #.#
#.#


You could see an ogre.

Vanquished Creatures
  Natasha (D:3)
  4 adders (D:2)
  An ooze (D:1)
  A dart slug (D:2)
  A leopard gecko (D:2)
  4 giant cockroaches
  4 goblins
  4 hobgoblins
  5 jackals (D:1)
  7 kobolds
  A ball python (D:2)
  3 bats
  3 frilled lizards
  9 rats
48 creatures vanquished.

Notes
Turn   | Place    | Note
-------+----------+-------------------------------------------
     0 | D:1      | Laan the Gargoyle Monk began the quest for the Orb.
     0 | D:1      | Reached XP level 1. HP: 14/14 MP: 1/1
    27 | D:1      | Reached XP level 2. HP: 8/19 MP: 2/2
   563 | D:1      | Reached skill level 1 in Armour
   591 | D:1      | Reached XP level 3. HP: 23/23 MP: 3/3
  1333 | D:2      | Reached XP level 4. HP: 15/29 MP: 4/4
  2023 | D:3      | Noticed Natasha
  2029 | D:3      | Killed Natasha
  2029 | D:3      | Reached skill level 4 in Fighting
  2029 | D:3      | Reached skill level 1 in Shields
  2034 | D:3      | Noticed an ogre
  2040 | D:3      | Noticed Jessica
  2042 | D:3      | Mangled by an ogre

Skill      XL: |  1  2  3  4 |
---------------+-------------+-----
Axes           | 3 |  3.9
Armour         | 1 2 |  2.0
Fighting       | 4 |  4.0
Shields        | 1 |  1.0
Dodging        | |  2.4
Stealth        | |  2.1

Action                   |  1- 3 |  4- 6 || total
-------------------------+-------+-------++-------
Melee: Hand axe          |   120 |    40 ||   160
 Stab: Sleeping          |    11 |     5 ||    16
  Eat: Chunk             |     1 |     3 ||     4
Armor: Robe              |    39 |    12 ||    51
Dodge: Dodged            |    56 |    13 ||    69
Block: Shield            |    15 |    10 ||    25
